 Dungeon Crawl Stone Soup version 0.28-a0-1624-g820543e53a (webtiles) character file.

Game seed: 16221916177127686963

441 dolemite99 the Chopper (level 6, -6/47 HPs)
             Began as a Demonspawn Fighter on Jan 24, 2022.
             Mangled by a gnoll (7 damage)
             ... on level 4 of the Dungeon.
             The game lasted 00:04:06 (4840 turns).

dolemite99 the Chopper (Demonspawn Fighter)         Turns: 4840, Time: 00:04:07

Health: -6/47      AC: 11    Str: 18    XL:     6   Next: 71%
Magic:  6/6        EV:  4    Int: 10    God:
Gold:   133        SH:  4    Dex: 12    Spells: 5/5 levels left

rFire   . . .      SeeInvis .   a - +0 war axe
rCold   . . .      Faith    .   c - +0 buckler
rNeg    . . .      Spirit   .   n - +0 plate armour
rPois   .          Reflect  .   (helmet restricted)
rElec   .          Harm     .   (no cloak)
rCorr   .          Rampage  .   (no gloves)
Will    .....                   (no boots)
Stlth   ..........              (no amulet)
HPRegen 0.15/turn               (no ring)
MPRegen 0.10/turn               (no ring)

@: no status effects
A: claws 2, horns 1, powered by death 1, weakness stinger 1
a: no special abilities


You were on level 4 of the Dungeon.
You visited 1 branch of the dungeon, and saw 4 of its levels.

You collected 133 gold pieces.

Inventory:

Hand Weapons
 a - a +0 war axe (weapon)
 f - a +2 vorpal mace
Missiles
 e - 216 stones (quivered)
 g - 37 bolts
Armour
 b - a +0 scale mail
 c - a +0 buckler (worn)
 j - a +0 chain mail
 n - a +0 plate armour (worn)
Wands
 k - a wand of paralysis (6)
Scrolls
 d - a scroll of enchant weapon {unknown}
 h - a scroll of summoning {unknown}
 i - 2 scrolls of blinking {unknown}
 l - a scroll of torment {unknown}
Potions
 m - a potion of curing


   Skills:
 - Level 3.0 Fighting
 + Level 6.6 Axes
 - Level 2.6 Armour
 - Level 2.6 Shields


You had 5 spell levels left.
You didn't know any spells.
Your spell library contained the following spells:

 Spells                   Type           Power      Damage    Failure   Level
 Conjure Flame            Conj/Fire      0%         6-21      100%        3
 Ignite Poison            Fire/Tmut/Pois 0%         N/A       100%        3
 Tukima's Dance           Hex            0%         N/A       100%        3
 Airstrike                Air            0%         N/A       100%        4
 Anguish                  Hex/Necr       0%         N/A       100%        4
 Animate Armour           Summ/Erth      0%         N/A       100%        4
 Cause Fear               Hex            0%         N/A       100%        4
 Sticky Flame             Conj/Fire      0%         2d3       100%        4
 Summon Ice Beast         Ice/Summ       0%         N/A       100%        4
 Alistair's Intoxication  Tmut/Pois      0%         N/A       100%        5
 Borgnjor's Vile Clutch   Necr/Erth      0%         N/A       100%        5
 Silence                  Hex/Air        0%         N/A       100%        5
 Summon Forest            Summ/Tloc      0%         N/A       100%        5
 Eringya's Noxious Bog    Tmut/Pois      0%         N/A       100%        6


Dungeon Overview and Level Annotations

Branches:
Dungeon (4/15)
 Temple: D:4-7

Altars:
Cheibriados
Nemelex Xobeh
Okawaru
Xom


Innate Abilities, Weirdness & Mutations

You have very sharp fingernails.
You have a pair of small horns on your head.
You regenerate a little health from kills.
You have a small tail.


Message History

You block the gnoll's attack. The gnoll hits you with a +0 spear.
The gnoll hits you from afar with a +0 spear.
You completely miss the gnoll. Your headbutt misses the gnoll.
You block the gnoll's attack.
The gnoll hits you from afar with a +0 spear.
You closely miss the gnoll. You headbutt the gnoll.
The gnoll is heavily wounded.
The gnoll hits you with a +0 spear.
The gnoll hits you but does no damage. x2
The gnoll barely misses you.
You hit the gnoll.
The gnoll is severely wounded.
The gnoll hits you with a +0 spear. The gnoll hits you but does no damage.
You hit the gnoll.
You kill the gnoll!
You block the gnoll's attack.
You hit the gnoll but do no damage. The gnoll completely misses you.
The gnoll hits you from afar with a +0 spear.
You block the gnoll's attack.
You barely miss the gnoll.
You headbutt the gnoll, but do no damage.
Your tail-slap misses the gnoll.
The gnoll hits you from afar with a +0 spear.
The gnoll hits you but does no damage.
You barely miss the gnoll. You headbutt the gnoll.
The gnoll is moderately wounded.
The gnoll hits you from afar with a +0 spear.
* * * LOW HITPOINT WARNING * * *
The gnoll hits you with a +2 flail of protection!
* * * LOW HITPOINT WARNING * * *
The howler monkey hoots and howls with incredible vigour!
You hear a shout! x2
Found 24 stones.
The gnoll hits you with a +2 flail of protection.
* * * LOW HITPOINT WARNING * * *
The gnoll hits you but does no damage. You block the gnoll's attack.
The howler monkey hoots and howls with incredible vigour!
The gnoll hits you from afar with a +0 spear!
You die...

#############
#.....h...h.#
#..#)#g####.#
#.#.#(#g.#....# #
#......@.#g####.##..
...########..gg(..h..
#.#g###.## #...#
###(# ##.#### #<....#
#..##...... #...
.....#


You could see a howler monkey (catching breath) and 2 gnolls.

Vanquished Creatures
  A centaur (D:3)
  A scorpion (D:4)
  A howler monkey (D:3)
  Ijyb (D:3)
  An orc wizard (D:2)
  4 adders
  9 gnolls
  3 dart slugs
  5 orcs (D:3)
  7 bats
  4 endoplasms
  4 giant cockroaches
  5 goblins
  11 hobgoblins
  2 jackals (D:3)
  8 kobolds
  3 quokkas
  5 ball pythons
  3 frilled lizards
  5 rats
83 creatures vanquished.

Vanquished Creatures (others)
  A plant (D:3)
1 creature vanquished.

Grand Total: 84 creatures vanquished

Notes
Turn   | Place    | Note
-------+----------+-------------------------------------------
     0 | D:1      | dolemite99 the Demonspawn Fighter began the quest for the
                  | Orb.
     0 | D:1      | Reached XP level 1. HP: 18/18 MP: 1/1
    12 | D:1      | Reached skill level 2 in Axes
   280 | D:1      | Found a faded altar of an unknown god.
   294 | D:1      | Discovered your monstrous ancestry.
   294 | D:1      | Gained mutation: You have sharp fingernails. [demonic
                  | ancestry]
   294 | D:1      | Reached XP level 2. HP: 16/24 MP: 2/2
   541 | D:1      | Got Sif Muna's Tome of Twisted Flight
   972 | D:1      | Reached skill level 3 in Axes
  1238 | D:2      | Gained mutation: You have very sharp fingernails. [demonic
                  | ancestry]
  1238 | D:2      | Reached XP level 3. HP: 27/29 MP: 3/3
  1559 | D:2      | Reached skill level 4 in Axes
  1559 | D:2      | Gained mutation: You have a small tail. [demonic ancestry]
  1559 | D:2      | Reached XP level 4. HP: 27/35 MP: 4/4
  2214 | D:2      | Found a shimmering altar of Xom.
  2804 | D:3      | Noticed a centaur
  2810 | D:3      | Killed a centaur
  2811 | D:3      | Reached skill level 5 in Axes
  2811 | D:3      | Gained mutation: You have a pair of small horns on your
                  | head. [demonic ancestry]
  2811 | D:3      | Reached XP level 5. HP: 19/41 MP: 5/5
  3744 | D:3      | Found a snail-covered altar of Cheibriados.
  3793 | D:3      | Noticed Ijyb
  3804 | D:3      | Killed Ijyb
  3805 | D:3      | Gained mutation: You regenerate a little health from kills.
                  | [demonic ancestry]
  3805 | D:3      | Reached XP level 6. HP: 29/47 MP: 6/6
  3812 | D:3      | Reached skill level 6 in Axes
  3847 | D:3      | Got the Volume of Supportive Curses
  4022 | D:3      | Found an iron altar of Okawaru.
  4229 | D:3      | Found a sparkling altar of Nemelex Xobeh.
  4839 | D:4      | HP: 1/47 [gnoll (6)]
  4840 | D:4      | Mangled by a gnoll

Illustrated notes

Levels and vault maps discovered:
D:1:      dpeg_arrival_morbid_curiosity, layout_loops_ring,
          shapermc_ecumenical_altar_pompeii
D:2:      layout_basic, basic_altar
D:3:      layout_rooms, marbit_many_paths, kennysheep_slug_shrine,
          mainiacjoe_overflow_boulevard, minmay_quadrilaterals, uniq_ijyb
D:4:      minmay_thinvault, layout_cave_pools,
          nicolae_hepliaklqana_ecumenical_no_more, hangedman_decor_opposing

Skill      XL: |  1  2  3  4  5  6 |
---------------+-------------------+-----
Axes           | 2 3 4 5 6 |  6.6
Fighting       | |  3.0
Armour         | |  2.6
Shields        | |  2.6

Action                   |  1- 3 |  4- 6 || total
-------------------------+-------+-------++-------
Melee: War axe           |    70 |   137 ||   207
       Tailslap          |       |    17 ||    17
       Headbutt          |       |    13 ||    13
Throw: Stone             |    16 |    12 ||    28
  Use: Potion            |       |     5 ||     5
Armor: Scale mail        |    34 |    61 ||    95
       Chain mail        |       |    25 ||    25
       Plate armour      |       |    22 ||    22
Dodge: Dodged            |    35 |    51 ||    86
Block: Buckler           |    29 |    38 ||    67

Table legend: (Time is in decaauts)
 A = Elapsed time spent in this place.
 B = Non-inter-level travel time spent in this place.
 C = Inter-level travel time spent in this place.
 D = Time resting spent in this place.
 E = Time spent auto-exploring this place.
 F = Levels seen in this place.
 G = Mean time per level.
                   A        B        C        D        E       F      G
               +--------+--------+--------+--------+--------+-----+--------+
         Total |   4911 |   4788 |    123 |   2229 |   1727 |   4 | 1227.8 |
       Dungeon |   4911 |   4788 |    123 |   2229 |   1727 |   4 | 1227.8 |
               +--------+--------+--------+--------+--------+-----+--------+

Top non-repeatable levels by time:
     D:2: 1862 daAuts
     D:3: 1784 daAuts
     D:1: 1209 daAuts
     D:4: 54 daAuts
